 Dungeon Crawl Stone Soup version 0.25.0-9-g26727b657a (webtiles) character file.

Game seed: 6861823987458804488

52 protoss039 the Sneak (level 3, -12/25 HPs)
             Began as a Vampire Enchanter on June 20, 2020.
             Mangled by a gnoll
             ... wielding a +0 halberd
              (14 damage)
             ... on level 2 of the Dungeon.
             The game lasted 00:07:14 (1588 turns).

protoss039 the Sneak (Vampire Enchanter)            Turns: 1588, Time: 00:07:15

Health: -12/25     AC:  2    Str:  7    XL:     3   Next: 60%
Magic:  3/6        EV: 13    Int: 18    God:
Gold:   87         SH:  0    Dex: 14    Spells: 5/6 levels left

rFire    . . .     SeeInvis +   a - +1 dagger
rCold    . . .     Gourm    .   (no shield)
rNeg     . . .     Faith    .   b - +0 robe
rPois    .         Spirit   .   (no helmet)
rElec    .         Reflect  .   (no cloak)
rCorr    .         Harm     .   (no gloves)
MR       .....                  (no boots)
Stlth    +++.......             (no amulet)
HPRegen  0.28/turn              (no ring)
MPRegen  0.10/turn              (no ring)

@: regenerating quickly
A: no food, fangs 3, see invisible, unbreathing
a: Exsanguinate


You were on level 2 of the Dungeon.
You were alive.

You visited 1 branch of the dungeon, and saw 2 of its levels.

You collected 87 gold pieces.

Inventory:

Hand Weapons
 a - a +1 dagger (weapon)
Armour
 b - a +0 robe (worn)
Jewellery
 i - an uncursed ring of flight {unknown}
Scrolls
 e - a scroll of teleportation {unknown}
 f - a scroll of amnesia {unknown}
 h - 2 scrolls of remove curse {unknown}
 j - a scroll of enchant weapon {unknown}
Potions
 c - 2 potions of mutation {unknown}
 d - a potion of curing {unknown}
 g - a potion of stabbing {unknown}


   Skills:
 + Level 0.8 Fighting
 + Level 2.0 Short Blades
 + Level 2.3 Dodging
 + Level 5.1 Stealth
 + Level 2.2 Spellcasting
 + Level 5.0 Hexes


You had 5 spell levels left.
You knew the following spells:

 Your Spells              Type           Power        Failure   Level  Hunger
a - Corona                Hex            ###....      2%          1    N/A

Your spell library contained the following spells:

 Spells                   Type           Power        Failure   Level  Hunger
 Confusing Touch          Hex            ###.....     7%          3    N/A
 Tukima's Dance           Hex            ###.....     7%          3    N/A
 Ensorcelled Hibernation  Hex/Ice        ##....       10%         2    N/A
 Dazzling Flash           Conj/Hex       ##....       19%         3    N/A

Dungeon Overview and Level Annotations

Branches:
Dungeon (2/15)

Altars:


Innate Abilities, Weirdness & Mutations

You do not eat.
Your natural rate of healing is unusually fast.
You have razor-sharp teeth.
You have supernaturally acute eyesight. (SInv)
You can survive without breathing.


Message History

Aiming: Corona (safe; 2% risk of failure)
Press: ? - help, Shift-Dir - straight line, f/p - gnoll
Aim: a gnoll, wielding a +0 halberd (chance to defeat MR: 67%)
The gnoll barely resists.
The gnoll closely misses you.
Casting: Corona (safe; 2% risk of failure)
Confirm with . or Enter, or press ? or * to list all spells.
Aiming: Corona (safe; 2% risk of failure)
Press: ? - help, Shift-Dir - straight line, f/p - gnoll
Aim: a gnoll, wielding a +0 halberd (chance to defeat MR: 67%)
The gnoll is outlined in light.
You hit the gnoll.
The gnoll is lightly wounded.
The gnoll hits you with a +0 halberd!
Ouch! That really hurt!
* * * LOW HITPOINT WARNING * * *
You hit the gnoll.
The gnoll is moderately wounded.
The gnoll hits you with a +0 halberd!
Ouch! That really hurt!
You die...

## #.##.#.#.# #...#### .#
#....#.#.# #......########
.###########.#.# #..#.#........#
.[...........#.####.............#
.............)...†+..#.#.>......#
##############.#†##.............#
#.#.##.............# ####
#.#.##........###### ...###
#.#@##........# ...'..
........g.........# ...#
#####.#.###.####'## ...# #.#.#
#.. .... ...##... #.#.# ##.#.....
....'...+ #.# ........ #####...#
#.# ..##..... #####...# #.#
....#...... ....#...# ...
#.######


You could see a gnoll (corona).

Vanquished Creatures
  A gnoll (D:2)
  An ooze (D:2)
  A leopard gecko (D:1)
  A giant cockroach (D:1)
  6 goblins
  6 hobgoblins
  6 kobolds
  A ball python (D:2)
  A bat (D:1)
  2 frilled lizards
  10 rats
36 creatures vanquished.

Notes
Turn   | Place    | Note
-------+----------+-------------------------------------------
     0 | D:1      | protoss039 the Vampire Enchanter began the quest for the
                  | Orb.
     0 | D:1      | Reached XP level 1. HP: 13/13 MP: 3/3
   366 | D:1      | Reached XP level 2. HP: 8/20 MP: 3/5
  1160 | D:2      | Reached skill level 5 in Hexes
  1226 | D:2      | Reached XP level 3. HP: 25/25 MP: 4/6
  1486 | D:2      | Reached skill level 5 in Stealth
  1588 | D:2      | Mangled by a gnoll

Illustrated notes

Levels and vault maps discovered:
D:1:      minmay_arrival_nine_rooms, layout_loops_corners, st_stairs_7
D:2:      layout_basic, serial_glass, glass_columns_a, glass_columns_a

Skill      XL: |  1  2  3 |
---------------+----------+-----
Hexes          | 5 |  5.0
Stealth        | 5 |  5.1
Short Blades   | 2 |  2.0
Fighting       | |  0.8
Dodging        | |  2.3
Spellcasting   | |  2.2

Action                   || total
-------------------------++-------
Melee: Dagger            ||   121
       Bite              ||    13
 Cast: Corona            ||    23
 Stab: Sleeping          ||     8
Armor: Robe              ||    10
Dodge: Dodged            ||    63
